 Dungeon Crawl Stone Soup version 0.22-a0-21-g9421e3f (webtiles) character file.

1495 Oozefury the Insei (level 8, -1/62 HPs)
             Began as a Barachi Transmuter on Jan 2, 2018.
             Was an Initiate of Cheibriados.
             Slain by an orc warrior
             ... wielding a +0 war axe
              (22 damage)
             ... on level 4 of the Dungeon.
             The game lasted 00:24:06 (8255 turns).

Oozefury the Insei (Barachi Transmuter)             Turns: 8255, Time: 00:24:08

Health: -1/62      AC:  2    Str: 13    XL:     8   Next: 81%
Magic:  18/20      EV: 20    Int: 17    God:    Cheibriados [......]
Gold:   311        SH:  0    Dex: 18    Spells: 1/11 levels left

rFire    . . .     SeeInvis .     - Unarmed
rCold    . . .     Gourm    .   (shield currently unavailable)
rNeg     . . .     Faith    .   (armour currently unavailable)
rPois    x         Spirit   .   (helmet currently unavailable)
rElec    .         Reflect  .   (cloak currently unavailable)
rCorr    .         Harm     .   (gloves currently unavailable)
MR       .....                  (boots currently unavailable)
Stlth    ++........             (no amulet)
HPRegen  0.20/turn              p - ring of magical power
MPRegen  0.17/turn              (no ring)

@: spider-form (expiring), very slow
A: tiny, +LOS, swims
a: End Transformation, Bend Time, Renounce Religion


You were on level 4 of the Dungeon.
You worshipped Cheibriados.
Cheibriados was noncommittal.
You were hungry.
You were a venomous arachnid creature.
You visited 2 branches of the dungeon, and saw 6 of its levels.

You collected 311 gold pieces.

Inventory:

Hand Weapons
 G - a +2 whip of freezing
Missiles
 a - 67 arrows
 n - 106 stones (quivered)
 w - 13 poisoned needles
 B - 4 tomahawks
Armour
 b - a +0 robe
 u - a +0 leather armour
 F - a +2 robe of positive energy (melded)
Jewellery
 i - an uncursed ring of flight
 p - a ring of magical power (left front leg)
Wands
 z - a wand of clouds (7)
 A - a wand of paralysis (21)
 D - a wand of disintegration (1)
Scrolls
 e - 2 scrolls of enchant weapon {unknown}
 h - 4 scrolls of identify {unknown}
 j - 2 scrolls of enchant armour {unknown}
 l - 3 scrolls of immolation {unknown}
 o - 3 scrolls of remove curse {unknown}
 q - a scroll of blinking {unknown}
 v - 4 scrolls of teleportation {unknown}
 y - a scroll of random uselessness {unknown}
 C - a scroll of amnesia {unknown}
Potions
 f - a potion of might {unknown}
 g - a potion of brilliance {unknown}
 k - a potion of heal wounds {unknown}
 m - a potion of mutation {unknown}
 r - 2 potions of flight {unknown}
 s - 2 potions of resistance {unknown}
 t - 2 potions of curing {unknown}
 x - a potion of cancellation {unknown}
Books
 c - a book of Changes

   Spells                             Type                      Level
   a - Beastly Appendage              Transmutation                1
   b - Sticks to Snakes               Transmutation                2
   c - Spider Form                    Transmutation/Poison         3
   d - Ice Form                       Ice/Transmutation            4
   e - Blade Hands                    Transmutation                5
Comestibles
 d - 8 rations


   Skills:
 - Level 5.1 Fighting
 - Level 2.1 Dodging
 + Level 1.4 Stealth
 + Level 7.3 Unarmed Combat
 - Level 2.1 Spellcasting
 - Level 6.6 Transmutations
 + Level 3.5 Ice Magic
 - Level 3.5 Poison Magic


You had one spell level left.
You knew the following spells:

 Your Spells              Type           Power        Failure   Level  Hunger
a - Beastly Appendage     Tmut           ###...       6%          1    #......
b - Sticks to Snakes      Tmut           ###.....     8%          2    ###....
c - Spider Form           Tmut/Pois      ###.......   19%         3    ###....
d - Ice Form              Ice/Tmut       ###.....     45%         4    #####..


Dungeon Overview and Level Annotations

Branches:
Dungeon (5/15)             Temple (1/1) D:5

Altars:
Ashenzari
Cheibriados
Dithmenos
Elyvilon
Fedhas
Gozag
Hepliaklqana
Kikubaaqudgha
Makhleb
Nemelex Xobeh
Okawaru
Qazlal
Ru
Sif Muna
Trog
Uskayaw
Vehumet
Wu Jian
Xom
Yredelemnul
Zin
The Shining One


Innate Abilities, Weirdness & Mutations

Shadows flee at your approach. (+LOS)
You can swim through water.
((You cover ground slowly.))
((You can hop short distances.))


Message History

You kill the orc!
Cheibriados appreciates the change of pace.
The orc warrior closely misses you. The orc closely misses you.
You hit the orc but do no damage.
The orc is poisoned.
The orc closely misses you.
The orc warrior hits you with a war axe!
You take 7 damage, and have 30/62 hp.
You hit the orc warrior but do no damage.
The orc warrior is moderately wounded.
The orc completely misses you.
You bite the orc warrior!
The orc warrior is heavily wounded.
Your transformation is almost over.
The orc warrior hits you with a war axe!
The orc hits you but does no damage.
You take 9 damage, and have 21/62 hp.
You kill the orc!
Cheibriados appreciates the change of pace.
The orc warrior hits you with a war axe!!
You die...

#.#..#.#....#.........#.
#.#.....................
#.####.#..###.#.........
#......#..# #)##.#......
######.#..# #.##.#.#####
#......# #.##........ #.#....#
#.####.####.
#.#)######.####.#....
###########.#>s................
#.........#.#o###########......
#.........#.#.#..............#.
#.........#.#.#'##############.
#................# #########.
#................# #.........
#.....รท..........## #.#######.
#.................####.#######.
#....)............##...........


You could see an orc warrior.

Vanquished Creatures
  Pikel (D:3)
  The ghost of Oozefury the Insei, an amateur HuMo (D:3)
  An ice beast (D:5)
  A slave (D:3)
  2 ogres
  A sky beast (D:5)
  A scorpion (D:5)
  A crimson imp (D:5)
  A bullfrog zombie (D:5)
  An orc wizard (D:4)
  An orc priest (D:3)
  Jessica (D:3)
  Ijyb (D:3)
  Terence (D:2)
  A worker ant (D:4)
  A hound skeleton (D:4)
  Robin (D:2)
  7 gnolls
  7 adders
  An ooze (D:3)
  An adder skeleton (D:4)
  A worm (D:2)
  3 dart slugs
  A leopard gecko (D:4)
  13 orcs
  5 bats
  2 giant cockroaches
  12 hobgoblins
  6 jackals
  3 frilled lizards
  11 goblins
  3 kobolds (D:3)
  A leopard gecko skeleton (D:4)
  A quokka zombie (D:5)
  A rat (D:1)
97 creatures vanquished.

Vanquished Creatures (collateral kills)
  A worker ant (D:4)
  A gnoll (D:2)
  2 adders (D:2)
  2 jackals (D:2)
  A kobold (D:2)
7 creatures vanquished.

Vanquished Creatures (others)
  An ogre (D:4)
  A hound skeleton (D:4)
  An orc (D:4)
  A jackal (D:4)
  2 frilled lizards (D:4)
6 creatures vanquished.

Grand Total: 110 creatures vanquished

Notes
Turn   | Place    | Note
-------+----------+-------------------------------------------
     0 | D:1      | Oozefury the Barachi Transmuter began the quest for the Orb.
     0 | D:1      | Reached XP level 1. HP: 15/15 MP: 3/3
   349 | D:1      | Reached XP level 2. HP: 11/21 MP: 3/5
   490 | D:1      | Learned a level 2 spell: Sticks to Snakes
  1245 | D:2      | Noticed Robin
  1469 | D:2      | Reached skill level 4 in Unarmed Combat
  1469 | D:2      | Reached XP level 3. HP: 14/26 MP: 2/6
  1767 | D:1      | Learned a level 3 spell: Spider Form
  2237 | D:2      | Reached skill level 1 in Poison Magic
  2332 | D:2      | Reached XP level 4. HP: 28/32 MP: 3/7
  2503 | D:2      | Noticed Terence
  2528 | D:2      | Killed Terence
  2777 | D:2      | Killed Robin
  2777 | D:2      | Reached XP level 5. HP: 26/37 MP: 1/8
  3423 | D:3      | Noticed Oozefury's ghost (amateur HuMo)
  4009 | D:3      | Noticed Jessica
  4014 | D:3      | Killed Jessica
  4151 | D:3      | Noticed Ijyb
  4161 | D:3      | Paralysed by Ijyb for 6 turns
  4168 | D:3      | Killed Ijyb
  4779 | D:3      | Reached XP level 6. HP: 33/43 MP: 9/9
  5228 | D:3      | Killed Oozefury's ghost
  5228 | D:3      | Reached skill level 5 in Unarmed Combat
  5228 | D:3      | Reached skill level 5 in Transmutations
  6184 | D:4      | Reached XP level 7. HP: 50/50 MP: 10/10
  6305 | D:4      | Noticed Pikel
  6475 | D:3      | Killed Pikel
  6475 | D:3      | Reached skill level 6 in Unarmed Combat
  6475 | D:3      | Reached XP level 8. HP: 8/60 MP: 11/11
  6755 | D:3      | Learned a level 4 spell: Ice Form
  7082 | D:4      | Reached skill level 1 in Ice Magic
  7315 | D:4      | Found a glowing silver altar of Zin.
  7671 | D:5      | Entered Level 5 of the Dungeon
  7724 | D:5      | Found a staircase to the Ecumenical Temple.
  7739 | Temple   | Entered the Ecumenical Temple
  7845 | Temple   | Became a worshipper of Cheibriados the Contemplative
  8001 | D:5      | Reached skill level 5 in Fighting
  8001 | D:5      | Reached skill level 7 in Unarmed Combat
  8105 | D:5      | Reached skill level 1 in Stealth
  8255 | D:4      | Slain by an orc warrior

Vault maps used:
D:1:      tarquinn_simple_flora_water_c
D:2:      first_ration, uniq_terence, uniq_robin
D:3:      grunt_ministairs_3, kennysheep_generic_room_13, uniq_ijyb,
          uniq_jessica
D:4:      zin_scriptorium, uniq_pikel
D:5:      minmay_opposing_rooms, minmay_temple_entry_trees
Temple:   kilobyte_greek_temple

Skill      XL: |  1  2  3  4  5  6  7  8 |
---------------+-------------------------+-----
Unarmed Combat | 4 5 6 7 |  7.3
Transmutations | 3 4 5 6 |  6.6
Poison Magic   | 1 2 3 |  3.5
Fighting       | 2 4 5 |  5.1
Ice Magic      | 3 |  3.5
Stealth        | 1 |  1.4
Dodging        | |  2.1
Spellcasting   | |  2.1

Action                   |  1- 3 |  4- 6 |  7- 9 || total
-------------------------+-------+-------+-------++-------
Melee: Unarmed           |    89 |   144 |   124 ||   357
       Kick              |     2 |     2 |     3 ||     7
       Headbutt          |     4 |     3 |     3 ||    10
       Punch             |       |       |     4 ||     4
Throw: Stone             |       |     2 |       ||     2
 Cast: Beastly Appendage |    12 |     6 |     9 ||    27
       Sticks to Snakes  |     4 |    10 |     1 ||    15
       Spider Form       |     2 |    18 |     9 ||    29
 Abil: Hop               |       |     2 |       ||     2
  Eat: Chunk             |     6 |    14 |    10 ||    30
Armor: Robe              |    43 |     8 |     9 ||    60
       Skin              |     3 |     3 |     1 ||     7
Dodge: Dodged            |    99 |   113 |    81 ||   293

Table legend:
 A = Spawn XP
 B = Non-spawn XP
 C = Spawn XP percentage of total XP
 D = Spawn monster count
 E = Non-spawn monster count
 F = Spawn count percentage of total count
 G = Total turns spent on level
                    A         B        C        D         E        F      G
               +---------+---------+-------+---------+---------+-------+---------
         Total |       0 |    2137 |   0.0 |       0 |     103 |   0.0 |  8255
               +---------+---------+-------+---------+---------+-------+---------
           D:1 |       0 |      24 |   0.0 |       0 |      15 |   0.0 |  1762
           D:2 |       0 |     158 |   0.0 |       0 |      28 |   0.0 |  2197
           D:3 |       0 |    1076 |   0.0 |       0 |      27 |   0.0 |  2565
           D:4 |       0 |     289 |   0.0 |       0 |      19 |   0.0 |  1174
           D:5 |       0 |     590 |   0.0 |       0 |      14 |   0.0 |   408
               +---------+---------+-------+---------+---------+-------+---------
